[Event "December 19 Early 2023"]
[Site "https://www.chess.com"]
[Date "2023.12.19"]
[Round "1"]
[White "Krysa, Leandro"]
[Black "Buchenau, Frank"]
[Result "1-0"]
[Board "113"]
[TimeControl "180+1"]
[WhiteFideId "116807"]
[BlackFideId "4604350"]
[WhiteElo "2495"]
[BlackElo "2157"]
[WhiteTeam "ARG"]
[BlackTeam "GER"]
[WhiteClock "0:00:22"]
[BlackClock "0:00:00"]

1. e4 e6 2. d4 d5 3. exd5 exd5 4. c4 Nf6 5. Nc3 Be7 6. Bd3 dxc4 7. Bxc4 O-O 8. Nge2 Nbd7 9. O-O Nb6 10. Bb3 c6 11. Bg5 Nfd5 12. Bxe7 Qxe7 13. Nxd5 Nxd5 14. Bxd5 cxd5 15. Qd2 Bf5 16. Rfe1 Rac8 17. Nc3 Qd7 18. Re5 Be6 19. Rae1 Rc4 20. h4 Rfc8 21. h5 h6 22. Qd3 b5 23. a3 a5 24. R1e3 b4 25. axb4 axb4 26. Ne2 Rc2 27. b3 Ra2 28. Nf4 Rc1+ 29. Kh2 Rxf2 30. Nxe6 fxe6 31. Rxe6 Qc7+ 32. R3e5 Rf8 33. Re7 Qd6 34. Re6 Qd8 35. Qg3 Qd7 36. Re7 1-0

[Event "December 19 Early 2023"]
[Site "https://www.chess.com"]
[Date "2023.12.19"]
[Round "1"]
[White "Kahlert, Thomas"]
[Black "Koellner, Ruben Gideon"]
[Result "0-1"]
[Board "114"]
[TimeControl "180+1"]
[WhiteFideId "4625242"]
[BlackFideId "12993093"]
[WhiteElo "2221"]
[BlackElo "2347"]
[WhiteTeam "GER"]
[BlackTeam "GER"]
[WhiteClock "0:01:46"]
[BlackClock "0:00:21"]

1. c4 d6 2. Nf3 e5 3. Nc3 f5 4. d4 e4 5. Ng5 Nf6 6. g3 d5 7. cxd5 Nxd5 8. Bg2 Be7 9. Nh3 Be6 10. O-O O-O 11. Nf4 Nxf4 12. Bxf4 Bd6 13. Qd2 Bxf4 14. Qxf4 c6 15. Rfd1 Nd7 16. f3 exf3 17. exf3 Nf6 18. Re1 Qd7 19. Rad1 Rae8 20. a3 Bb3 21. Rc1 Nd5 22. Qd2 Nxc3 23. Rxc3 Bd5 24. f4 Rxe1+ 25. Qxe1 Bxg2 26. Kxg2 Qxd4 27. Qe6+ Kh8 28. Re3 Qxb2+ 29. Re2 Qxa3 30. Qd7 b5 31. Qxc6 a6 32. Re8 h6 33. Qc8 Rxe8 34. Qxe8+ Kh7 35. Qe6 Qc5 36. Qxa6 Qc2+ 37. Kh3 b4 38. Qb5 b3 0-1

[Event "December 19 Early 2023"]
[Site "https://www.chess.com"]
[Date "2023.12.19"]
[Round "1"]
[White "Dobrikov, Marco"]
[Black "Balla, Tamas-Kristof"]
[Result "0-1"]
[Board "115"]
[TimeControl "180+1"]
[WhiteFideId "12950378"]
[BlackFideId "1208497"]
[WhiteElo "2394"]
[BlackElo "2306"]
[WhiteTeam "GER"]
[BlackTeam "ROU"]
[WhiteClock "0:00:29"]
[BlackClock "0:00:17"]

1. c4 c5 2. Nc3 Nc6 3. g3 g6 4. Bg2 Bg7 5. e3 e6 6. Nge2 Nge7 7. O-O O-O 8. b3 d6 9. Bb2 b6 10. d4 Bb7 11. d5 exd5 12. cxd5 Nb8 13. e4 Nd7 14. Na4 Nf6 15. f4 Re8 16. Nac3 Rc8 17. Qd2 c4 18. b4 a6 19. Nd4 b5 20. a4 bxa4 21. Rxa4 Qb6 22. Kh1 Ng4 23. Nce2 f5 24. exf5 Nxf5 25. Nxf5 Nf2+ 26. Rxf2 Qxf2 27. Nh6+ Bxh6 28. Qc3 Rxe2 29. Qh8+ Kf7 30. Qxh7+ Ke8 31. Qxg6+ Kd8 32. Qxd6+ Ke8 33. Qg6+ Kd7 34. Bh3+ Kc7 35. Be5+ Rxe5 36. Qf7+ Kb8 37. fxe5 Qxf7 0-1

[Event "December 19 Early 2023"]
[Site "https://www.chess.com"]
[Date "2023.12.19"]
[Round "1"]
[White "Stillger, Bernhard"]
[Black "Yaran, Siar"]
[Result "0-1"]
[Board "116"]
[TimeControl "180+1"]
[WhiteFideId "4610768"]
[BlackFideId "6323006"]
[WhiteElo "2252"]
[BlackElo "2191"]
[WhiteTeam "GER"]
[BlackTeam "TUR"]
[WhiteClock "0:00:14"]
[BlackClock "0:00:16"]

1. Nf3 Nf6 2. g3 e6 3. Bg2 d5 4. O-O Be7 5. c4 O-O 6. d4 dxc4 7. Qa4 a6 8. Qxc4 b5 9. Qc2 Bb7 10. Bg5 Nbd7 11. Bxf6 Nxf6 12. Nbd2 Rc8 13. Nb3 Be4 14. Qc1 c5 15. dxc5 Bd5 16. Rd1 Qc7 17. Qf4 Bxc5 18. Qxc7 Rxc7 19. Nxc5 Rxc5 20. Nd4 Rfc8 21. a4 b4 22. f3 e5 23. Nf5 Kf8 24. Rd2 g6 25. Ne3 Be6 26. Kf2 Ke7 27. f4 a5 28. fxe5 Rxe5 29. Rd4 h5 30. Bf3 Bb3 31. Rd3 Be6 32. Rd4 Rcc5 33. Rd3 Rc7 34. Rad1 Rec5 35. R1d2 Bd7 36. Nd5+ Nxd5 37. Rxd5 Bxa4 38. Rd8 Ra7 39. Rb8 Bd7 40. Rd4 Be6 41. Rdd8 Rc2 42. Re8+ Kf6 43. Rb6 Rxb2 44. Bd5 Re7 45. Ra8 Ra2 46. Bxe6 Rxe6 47. Rb7 a4 48. Rxb4 Raxe2+ 49. Kf3 R6e3+ 50. Kf4 g5# 0-1

[Event "December 19 Early 2023"]
[Site "https://www.chess.com"]
[Date "2023.12.19"]
[Round "1"]
[White "Maatman, Nick"]
[Black "Mouhamad, Joachim"]
[Result "1-0"]
[Board "117"]
[TimeControl "180+1"]
[WhiteFideId "1040391"]
[BlackFideId "656410"]
[WhiteElo "2704"]
[BlackElo "2125"]
[WhiteTeam "NED"]
[BlackTeam "FRA"]
[WhiteClock "0:01:24"]
[BlackClock "0:00:29"]

1. d4 d5 2. Nf3 Nf6 3. Bf4 e6 4. e3 c5 5. Nbd2 Bd6 6. Bb5+ Nc6 7. Bxc6+ bxc6 8. Bxd6 Qxd6 9. c3 Ba6 10. Qa4 Bb5 11. Qa3 Qe7 12. Qxc5 Qxc5 13. dxc5 a5 14. a4 Ba6 15. b4 Nd7 16. Nd4 Ne5 17. b5 Bb7 18. Ke2 Kd7 19. f4 Ng4 20. h3 Nf6 21. Rhb1 Ra7 22. N2f3 Ne4 23. bxc6+ Bxc6 24. Ne5+ Kc7 25. Nexc6 Nxc3+ 26. Kd3 Nxb1 27. Nxa7 1-0

[Event "December 19 Early 2023"]
[Site "https://www.chess.com"]
[Date "2023.12.19"]
[Round "1"]
[White "Salinas Tomas, Daniel"]
[Black "Haring, Filip"]
[Result "1-0"]
[Board "118"]
[TimeControl "180+1"]
[WhiteFideId "24597716"]
[BlackFideId "14933080"]
[WhiteElo "2172"]
[BlackElo "2375"]
[WhiteTeam "ESP"]
[BlackTeam "SVK"]
[WhiteClock "0:00:25"]
[BlackClock "0:00:00"]

1. Nf3 d5 2. g3 Bg4 3. Ne5 Bf5 4. Bg2 Nd7 5. d4 e6 6. O-O Nxe5 7. dxe5 Ne7 8. c4 c6 9. Nc3 Qd7 10. e4 dxe4 11. Nxe4 Bxe4 12. Qxd7+ Kxd7 13. Bxe4 Ng6 14. f4 Bc5+ 15. Kg2 Rhd8 16. Bd2 Kc7 17. Bc3 Bd4 18. Bb4 c5 19. Ba3 Rd7 20. Rad1 Rad8 21. Rd3 Ne7 22. Rfd1 b6 23. b3 g6 24. Kf3 Nf5 25. g4 Ne7 26. h4 h5 27. gxh5 gxh5 28. b4 Ng6 29. Bxg6 fxg6 30. bxc5 bxc5 31. Ke4 Kc6 32. Rg3 Rg8 33. Rd2 Rf7 34. Rdg2 Rgf8 35. Bc1 Kb6 36. Rxg6 Re8 37. Rh6 Ka5 38. Rgg6 Rfe7 39. Bd2+ Ka4 40. Rxh5 Ka3 41. f5 exf5+ 42. Rxf5 Rxe5+ 43. Rxe5 Rxe5+ 44. Kd3 Kxa2 45. Kc2 1-0

[Event "December 19 Early 2023"]
[Site "https://www.chess.com"]
[Date "2023.12.19"]
[Round "1"]
[White "Adla, Diego"]
[Black "Can, Melih Kaan"]
[Result "1-0"]
[Board "119"]
[TimeControl "180+1"]
[WhiteFideId "100072"]
[BlackFideId "6317383"]
[WhiteElo "2377"]
[BlackElo "2022"]
[WhiteTeam "ARG"]
[BlackTeam "TUR"]
[WhiteClock "0:00:15"]
[BlackClock "0:00:08"]

1. c4 e5 2. Nc3 Nf6 3. Nf3 Nc6 4. e4 Bb4 5. d3 O-O 6. Be2 d6 7. O-O Bg4 8. Ne1 Bxe2 9. Qxe2 Nd4 10. Qd1 Qd7 11. Nc2 Bc5 12. Nxd4 Bxd4 13. Ne2 Bb6 14. Ng3 g6 15. Kh1 Ng4 16. Qe2 f5 17. f3 f4 18. fxg4 fxg3 19. Bh6 Rf2 20. Rxf2 gxf2 21. h3 Re8 22. Rf1 Qf7 23. b4 Bd4 24. g3 Re6 25. Kg2 Rf6 26. Bg5 Re6 27. Be3 Bxe3 28. Qxe3 b6 29. Rxf2 Qe7 30. g5 Qg7 31. c5 Qe7 32. cxb6 cxb6 33. Rc2 Qd7 34. Qc1 Re7 35. Rc8+ Kg7 36. Rc6 Rf7 37. b5 Qe6 38. Rc2 Qd7 39. a4 a6 40. Qb2 a5 41. Qc1 Qe7 42. Qe3 Qb7 43. Rc6 Rc7 44. Qxb6 Qxb6 45. Rxb6 Rc2+ 46. Kf3 Ra2 47. Rxd6 Rxa4 48. Rd5 Rb4 49. b6 a4 50. Rxe5 Rxb6 51. Ra5 Rb4 52. Kf4 Rd4 53. Ke3 Rb4 54. h4 Kf7 55. Ra6 Kg7 56. Ra7+ Kg8 57. g4 Kf8 58. h5 Kg8 59. h6 Kf8 60. Rxh7 a3 61. Ra7 Rb3 62. h7 Rxd3+ 63. Kxd3 a2 64. h8=Q# 1-0

[Event "December 19 Early 2023"]
[Site "https://www.chess.com"]
[Date "2023.12.19"]
[Round "1"]
[White "Delorme, Axel"]
[Black "Bardyk, Artem"]
[Result "0-1"]
[Board "120"]
[TimeControl "180+1"]
[WhiteFideId "632023"]
[BlackFideId "34349979"]
[WhiteElo "2478"]
[BlackElo "2300"]
[WhiteTeam "FRA"]
[BlackTeam "RUS"]
[WhiteClock "0:00:05"]
[BlackClock "0:01:54"]

1. e4 e5 2. Nf3 Nc6 3. Bb5 Nge7 4. Nc3 Ng6 5. O-O Bc5 6. Na4 Be7 7. d4 exd4 8. Nxd4 Bf6 9. Nxc6 bxc6 10. Bc4 O-O 11. Nc3 Rb8 12. Bb3 d6 13. f4 Ba6 14. Re1 Bxc3 15. bxc3 Qf6 16. Qd4 c5 17. Qxf6 gxf6 18. Bd5 Rfe8 19. Bd2 Bb7 20. Rab1 Bxd5 21. exd5 Rxe1+ 22. Rxe1 Rb2 23. c4 Rxc2 24. Re8+ Kg7 25. Be3 Rxc4 26. g3 Ra4 27. h4 h5 28. Rc8 Ne7 29. Rxc7 Nxd5 0-1

[Event "December 19 Early 2023"]
[Site "https://www.chess.com"]
[Date "2023.12.19"]
[Round "1"]
[White "Hua, Lefong"]
[Black "Leve, Nitai"]
[Result "1-0"]
[Board "121"]
[TimeControl "180+1"]
[WhiteFideId "2602253"]
[BlackFideId "2006898"]
[WhiteElo "2690"]
[BlackElo "2144"]
[WhiteTeam "CAN"]
[BlackTeam "USA"]
[WhiteClock "0:00:21"]
[BlackClock "0:00:00"]

1. d4 d5 2. c4 c6 3. Nf3 Nf6 4. Nc3 dxc4 5. a4 Bf5 6. Ne5 Nbd7 7. Nxc4 Qc7 8. g3 e5 9. dxe5 Nxe5 10. Bf4 Nfd7 11. Bg2 g5 12. Bxe5 Nxe5 13. Ne3 Rd8 14. Qb3 Be6 15. Qc2 h5 16. O-O h4 17. Ne4 Be7 18. Rfd1 Qb6 19. Rxd8+ Kxd8 20. Qc3 Ng6 21. Rd1+ Kc8 22. Nf6 Rd8 23. Nfd5 Bxd5 24. Nxd5 Qc5 25. Nxe7+ Qxe7 26. Rc1 Kb8 27. a5 Qe5 28. Qb4 hxg3 29. hxg3 Qb5 30. Qxb5 cxb5 31. Rc5 Rd2 32. Rxb5 Rxe2 33. Rxb7+ Kc8 34. b4 Ne5 35. Kf1 Rb2 36. Rxa7 Nd3 37. Rxf7 Nxb4 38. a6 Nxa6 39. Rf5 g4 40. Rf4 Rb4 41. Rxb4 Nxb4 42. Be4 Kd8 43. Bf5 Ke7 44. Bxg4 Kf6 45. f4 Nc2 46. Kf2 Nd4 47. Bd1 Nc6 48. Ke3 Nb4 49. g4 Kg6 50. Bf3 Na6 51. Be4+ Kf6 52. g5+ Kg7 53. Kd4 Nc7 54. Ke5 Ne8 55. f5 Kf8 56. f6 Kf7 57. Bc6 Nc7 58. Kf5 Kf8 59. g6 1-0

[Event "December 19 Early 2023"]
[Site "https://www.chess.com"]
[Date "2023.12.19"]
[Round "1"]
[White "Matveeva, Olga"]
[Black "Zavgorodniy, Sergiy"]
[Result "1/2-1/2"]
[Board "122"]
[TimeControl "180+1"]
[WhiteFideId "24107018"]
[BlackFideId "14110148"]
[WhiteElo "1883"]
[BlackElo "2402"]
[WhiteTeam "RUS"]
[BlackTeam "UKR"]
[WhiteClock "0:00:46"]
[BlackClock "0:00:33"]

1. d4 Nf6 2. c4 d6 3. Nf3 Nbd7 4. g3 c6 5. Bg2 e5 6. Nc3 e4 7. Ng5 d5 8. cxd5 cxd5 9. f3 h6 10. Nh3 exf3 11. exf3 Bb4 12. O-O O-O 13. Nf4 Bxc3 14. bxc3 Nb6 15. Nd3 Nc4 16. Rb1 Re8 17. Re1 b6 18. Ne5 Bf5 19. Rb4 Rc8 20. Nxc4 dxc4 21. f4 Rxe1+ 22. Qxe1 Qd7 23. Ba3 Re8 24. Qf2 Ng4 25. Qd2 Ne3 26. Bf3 Bg4 27. Bxg4 Qxg4 28. Rb5 f6 29. d5 Nf5 30. d6 Re2 31. Qd5+ Kh8 32. Qxf5 Re1+ 33. Kg2 Re2+ 34. Kg1 Re1+ 35. Kg2 Re2+ 36. Kg1 1/2-1/2

[Event "December 19 Early 2023"]
[Site "https://www.chess.com"]
[Date "2023.12.19"]
[Round "1"]
[White "Yeritsyan, Hayk"]
[Black "Shohat, Yotam"]
[Result "0-1"]
[Board "123"]
[TimeControl "180+1"]
[WhiteFideId "13307320"]
[BlackFideId "2813955"]
[WhiteElo "2130"]
[BlackElo "2226"]
[WhiteTeam "ARM"]
[BlackTeam "ISR"]
[WhiteClock "0:00:22"]
[BlackClock "0:00:06"]

1. e4 c5 2. Nc3 Nc6 3. Bb5 Nd4 4. Nf3 a6 5. Bd3 Nc6 6. O-O e6 7. e5 d5 8. exd6 Bxd6 9. b3 Nf6 10. Ne4 Be7 11. Bb2 b6 12. Re1 Bb7 13. Qe2 Nd5 14. Bc4 b5 15. Bxd5 Qxd5 16. d3 Nd4 17. Nxd4 cxd4 18. f3 O-O 19. a4 Rac8 20. axb5 axb5 21. Qf2 e5 22. Ng3 Bg5 23. Nf5 g6 24. Qg3 Qd8 25. Rxe5 Rxc2 26. Bxd4 gxf5 27. Be3 f6 28. Rxf5 Kh8 29. Bxg5 Qd4+ 30. Be3 Qxa1+ 31. Qe1 Qxe1# 0-1

[Event "December 19 Early 2023"]
[Site "https://www.chess.com"]
[Date "2023.12.19"]
[Round "1"]
[White "Zakarian, David"]
[Black "Arabidze, Meri"]
[Result "0-1"]
[Board "124"]
[TimeControl "180+1"]
[WhiteFideId "13301276"]
[BlackFideId "13604040"]
[WhiteElo "2286"]
[BlackElo "2416"]
[WhiteTeam "ARM"]
[BlackTeam "GEO"]
[WhiteClock "0:02:14"]
[BlackClock "0:02:35"]

1. d4 d5 2. c4 dxc4 3. e3 Nf6 4. Nf3 e6 5. Bxc4 a6 6. O-O b5 7. Bd3 Bb7 8. a4 b4 9. Nbd2 Nbd7 10. Qe2 c5 11. e4 Be7 12. e5 Nd5 13. Ne4 O-O 14. Rd1 cxd4 15. h4 a5 16. Bg5 h6 17. Bxe7 Qxe7 18. Nd6 Nf4 19. Qd2 Bxf3 20. gxf3 Nxd3 21. Qxd3 Nxe5 0-1

[Event "December 19 Early 2023"]
[Site "https://www.chess.com"]
[Date "2023.12.19"]
[Round "1"]
[White "JonaszBaum"]
[Black "Rozhkov, Viacheslav"]
[Result "1-0"]
[Board "125"]
[TimeControl "180+1"]
[BlackFideId "4181484"]
[WhiteElo "2683"]
[BlackElo "2237"]
[BlackTeam "RUS"]
[WhiteClock "0:01:49"]
[BlackClock "0:01:07"]

1. d4 d5 2. c4 dxc4 3. e4 Nf6 4. e5 Nd5 5. Bxc4 Nb6 6. Bd3 Nc6 7. Ne2 Bg4 8. f3 Bh5 9. Nbc3 e6 10. Be3 Qd7 11. O-O O-O-O 12. a4 Bb4 13. Qb3 f6 14. Bb5 a5 15. Rac1 Nd5 16. Nxd5 Qxd5 17. Bc4 Nxd4 18. Bxd4 1-0

[Event "December 19 Early 2023"]
[Site "https://www.chess.com"]
[Date "2023.12.19"]
[Round "1"]
[White "Kovalevsky, Stanislav"]
[Black "Agibileg, Uurtsaikh"]
[Result "0-1"]
[Board "126"]
[TimeControl "180+1"]
[WhiteFideId "13508598"]
[BlackFideId "4901606"]
[WhiteElo "2043"]
[BlackElo "2288"]
[WhiteTeam "FID"]
[BlackTeam "MGL"]
[WhiteClock "0:00:00"]
[BlackClock "0:00:33"]

1. e4 e5 2. Nf3 Nc6 3. Bc4 Nf6 4. d3 h6 5. Nbd2 d6 6. Nf1 g6 7. h3 Bg7 8. Be3 O-O 9. Qd2 Kh7 10. g4 Nd7 11. a4 Nb6 12. Bb3 Be6 13. c4 Nd7 14. Rg1 Nc5 15. Bc2 a5 16. h4 Nb4 17. h5 g5 18. Kd1 Bf6 19. Ne1 c6 20. Ra3 b5 21. axb5 cxb5 22. Bb1 bxc4 23. dxc4 Bxc4 24. Ng3 Nb3 25. Qc3 Rc8 26. Rxb3 Be2+ 27. Nxe2 Rxc3 28. Nxc3 Kh8 29. Nd3 d5 30. Nxb4 axb4 31. Nxd5 Be7 32. Bd3 Qd7 33. Kd2 Rc8 34. f3 Qa4 0-1

[Event "December 19 Early 2023"]
[Site "https://www.chess.com"]
[Date "2023.12.19"]
[Round "1"]
[White "Cieslak, Patryk"]
[Black "Igel2023"]
[Result "1-0"]
[Board "127"]
[TimeControl "180+1"]
[WhiteFideId "21078882"]
[WhiteElo "2149"]
[BlackElo "2389"]
[WhiteTeam "POL"]
[WhiteClock "0:00:04"]
[BlackClock "0:00:00"]

1. e4 e6 2. d4 d5 3. Nd2 dxe4 4. Nxe4 Nd7 5. Nf3 Ngf6 6. Bd3 Nxe4 7. Bxe4 Nf6 8. Bd3 b6 9. Qe2 Bb7 10. Bf4 Bd6 11. Bg5 Be7 12. O-O-O O-O 13. Kb1 Qd6 14. Rhg1 c5 15. Bh4 cxd4 16. Bg3 Qc5 17. Nxd4 a6 18. Nb3 Qc8 19. Be5 b5 20. g4 Nd7 21. Bxh7+ Kxh7 22. Qd3+ Kg8 23. Qxd7 Bh4 24. Qd4 f6 25. Bd6 Rd8 26. Nc5 e5 27. Qe3 Bg5 28. Qb3+ Kh7 29. Rg3 Qc6 30. Nxb7 Qxb7 31. Rh3+ Kg6 32. Qd3+ e4 33. Qe2 Rd7 34. f4 exf3 35. Qd3+ Kf7 36. Qb3+ Kg6 37. Rxf3 Rad8 38. Qd3+ Kf7 39. Qb3+ Kg6 40. Rfd3 Qc6 41. Bg3 Rxd3 42. cxd3 Qf3 43. d4 Qe4+ 44. Qc2 1-0

[Event "December 19 Early 2023"]
[Site "https://www.chess.com"]
[Date "2023.12.19"]
[Round "1"]
[White "Ozcan, Kaan"]
[Black "Volkov, Maksim"]
[Result "0-1"]
[Board "128"]
[TimeControl "180+1"]
[WhiteFideId "34566422"]
[BlackFideId "54123070"]
[WhiteElo "2153"]
[BlackElo "2293"]
[WhiteTeam "TUR"]
[BlackTeam "RUS"]
[WhiteClock "0:00:09"]
[BlackClock "0:00:15"]

1. Nf3 d5 2. g3 Nd7 3. d4 Nb6 4. Bg2 Bf5 5. O-O e6 6. b3 Nf6 7. Bg5 Be7 8. Nbd2 h6 9. Bf4 O-O 10. c4 a5 11. c5 Nbd7 12. Ne5 Nxe5 13. Bxe5 Nd7 14. Bf4 Bf6 15. Be3 c6 16. f4 b6 17. cxb6 Qxb6 18. Rc1 Bxd4 19. Bxd4 Qxd4+ 20. Kh1 c5 21. Qe1 Qe3 22. Rf3 Qd4 23. Rfc3 Bg6 24. e4 Rfe8 25. Re3 Nf6 26. Nf3 Qb2 27. exd5 exd5 28. Ne5 Be4 29. Re2 Qa3 30. Qd2 Rad8 31. Nc6 Bxg2+ 32. Kxg2 Rxe2+ 33. Qxe2 Re8 34. Qd2 a4 35. bxa4 Qxa4 36. Rxc5 Qe4+ 37. Kg1 Qb1+ 38. Rc1 Qb6+ 39. Qd4 Qa6 40. Ne5 Qxa2 41. Rd1 Rc8 42. Rd2 Qb1+ 43. Rd1 Qb3 44. Rd3 Rc1+ 45. Rd1 Rxd1+ 46. Qxd1 Qxd1+ 0-1

[Event "December 19 Early 2023"]
[Site "https://www.chess.com"]
[Date "2023.12.19"]
[Round "1"]
[White "Wu, Derek"]
[Black "Matthes, Aaron"]
[Result "1-0"]
[Board "129"]
[TimeControl "180+1"]
[WhiteFideId "30914558"]
[BlackFideId "16227310"]
[WhiteElo "2211"]
[BlackElo "2387"]
[WhiteTeam "USA"]
[BlackTeam "GER"]
[WhiteClock "0:01:39"]
[BlackClock "0:01:15"]

1. d4 Nf6 2. Nc3 b6 3. e4 Bb7 4. Bd3 d5 5. e5 Ne4 6. Nce2 e6 7. f3 c5 8. Bb5+ Bc6 9. Bxc6+ Nxc6 10. fxe4 Qh4+ 11. Ng3 Nxd4 12. c3 Nc6 13. Nf3 Qd8 14. Qa4 Qd7 15. exd5 exd5 16. O-O Nxe5 17. Qxd7+ Nxd7 18. Re1+ Kd8 19. Ng5 Kc7 20. Bf4+ Kc6 21. Nxf7 Rg8 22. Re6+ Kb7 23. Rd1 Nf6 24. Be5 Re8 25. Rxe8 Nxe8 26. Rxd5 Kc6 27. c4 Be7 28. Nf5 Bf6 29. Bxf6 1-0

[Event "December 19 Early 2023"]
[Site "https://www.chess.com"]
[Date "2023.12.19"]
[Round "1"]
[White "Szyszylo, Rafal"]
[Black "Goltsev, Dmitry"]
[Result "0-1"]
[Board "130"]
[TimeControl "180+1"]
[WhiteFideId "1109626"]
[BlackFideId "24176710"]
[WhiteElo "1951"]
[BlackElo "2370"]
[WhiteTeam "POL"]
[BlackTeam "RUS"]
[WhiteClock "0:00:01"]
[BlackClock "0:00:27"]

1. e4 e6 2. d4 d5 3. e5 c5 4. c3 Nc6 5. Nf3 Qb6 6. Bd3 Nge7 7. O-O Nf5 8. dxc5 Bxc5 9. b4 Be7 10. b5 Na5 11. a4 Nc4 12. Nbd2 Nce3 13. a5 Qc5 14. Ba3 Qxa3 15. fxe3 Qxc3 16. Bxf5 exf5 17. Qe2 Be6 18. Nd4 Qc8 19. b6 axb6 20. axb6 Rxa1 21. Rxa1 O-O 22. N2f3 Qc5 23. Qb2 Rc8 24. h4 h6 25. Kh2 Bd8 26. Nxe6 fxe6 27. Nd4 Bxh4 28. Ra7 Qe7 29. Qe2 Kh7 30. Qh5 Bg5 31. Qf3 Rc3 32. Nxf5 exf5 33. Qxf5+ g6 34. Qc8 Qxe5+ 35. Kh3 Rxe3+ 36. Kg4 Qg3# 0-1

[Event "December 19 Early 2023"]
[Site "https://www.chess.com"]
[Date "2023.12.19"]
[Round "1"]
[White "Khumalo, Keith"]
[Black "Topalov, Aleksandar"]
[Result "1-0"]
[Board "131"]
[TimeControl "180+1"]
[WhiteFideId "14319470"]
[BlackFideId "925659"]
[WhiteElo "2093"]
[BlackElo "2151"]
[WhiteTeam "RSA"]
[BlackTeam "SRB"]
[WhiteClock "0:01:45"]
[BlackClock "0:00:00"]

1. d4 Nf6 2. c4 c5 3. d5 d6 4. Nc3 g6 5. Nf3 Bg7 6. h3 O-O 7. Bf4 Na6 8. e3 Nc7 9. Be2 Rb8 10. a4 b6 11. O-O a6 12. e4 Bd7 13. e5 Nfe8 14. b3 b5 15. axb5 axb5 16. Ra7 bxc4 17. bxc4 Bc8 18. Qa4 Rb4 19. Qa5 h6 20. Re1 g5 21. Bg3 Bd7 22. Bf1 Rb3 23. Ne4 Bf5 24. exd6 exd6 25. Nxd6 Nxd6 26. Qxc7 Ne4 27. Be5 Qxc7 28. Rxc7 f6 29. Bh2 Ra8 30. Re7 Ra2 31. R7xe4 Bxe4 32. Rxe4 Rbb2 33. g4 Bf8 34. Bg3 Rb3 35. Kg2 Raa3 36. Be2 Rb2 37. d6 Raa2 38. Bd3 Rb7 39. Re3 Ra6 40. Bf5 Bxd6 41. Bc8 Bxg3 42. Bxb7 Ra7 43. Bd5+ 1-0

[Event "December 19 Early 2023"]
[Site "https://www.chess.com"]
[Date "2023.12.19"]
[Round "1"]
[White "Fonseca Manrique, Enrique"]
[Black "Aaditya Dhingra"]
[Result "1-0"]
[Board "132"]
[TimeControl "180+1"]
[WhiteFideId "5114330"]
[BlackFideId "25678191"]
[WhiteElo "2133"]
[BlackElo "2269"]
[WhiteTeam "MEX"]
[BlackTeam "IND"]
[WhiteClock "0:00:28"]
[BlackClock "0:00:55"]

1. e4 c6 2. d4 d5 3. e5 Bf5 4. Nf3 e6 5. Be2 h6 6. O-O Nd7 7. Nbd2 g5 8. Nb3 Ne7 9. a4 Bg6 10. a5 a6 11. Bd2 Nf5 12. c3 Bg7 13. Ne1 f6 14. Bh5 Ne7 15. Bxg6+ Nxg6 16. Qh5 Nf8 17. f4 f5 18. Nc5 Qe7 19. fxg5 O-O-O 20. gxh6 Bxe5 21. Ned3 Bd6 22. Rae1 Qf7 23. b4 Re8 24. Re2 Ne5 25. Qh3 Ng4 26. Qxg4 fxg4 27. Rxf7 Ng6 28. g3 e5 29. dxe5 Nxe5 30. Nxe5 Bxe5 31. Kf1 d4 32. cxd4 Bxd4 33. Rxe8+ Rxe8 34. Nxb7 Re6 35. Nc5 Rxh6 36. Bxh6 1-0

[Event "December 19 Early 2023"]
[Site "https://www.chess.com"]
[Date "2023.12.19"]
[Round "1"]
[White "Tologon tegin, Semetei"]
[Black "Zhuk, Valeriy"]
[Result "1-0"]
[Board "133"]
[TimeControl "180+1"]
[WhiteFideId "13800574"]
[BlackFideId "24151254"]
[WhiteElo "2258"]
[BlackElo "2148"]
[WhiteTeam "KGZ"]
[BlackTeam "RUS"]
[WhiteClock "0:02:08"]
[BlackClock "0:00:00"]

1. Nf3 Nf6 2. e3 d5 3. c4 c6 4. Nc3 e6 5. b3 Bd6 6. Bb2 O-O 7. d4 b6 8. Bd3 Bb7 9. O-O Nbd7 10. Qe2 c5 11. cxd5 exd5 12. Rfd1 Rc8 13. Rac1 Qe7 14. Ba6 Bxa6 15. Qxa6 Nb8 16. Qa4 c4 17. Nb5 Bb4 18. Nxa7 c3 19. Nxc8 Rxc8 20. a3 Nc6 21. axb4 cxb2 22. Rxc6 1-0

[Event "December 19 Early 2023"]
[Site "https://www.chess.com"]
[Date "2023.12.19"]
[Round "1"]
[White "Semenenko, Dmytry"]
[Black "Timerkhanov, Alexander"]
[Result "0-1"]
[Board "134"]
[TimeControl "180+1"]
[WhiteFideId "14118645"]
[BlackFideId "24177938"]
[WhiteElo "2113"]
[BlackElo "2278"]
[WhiteTeam "UKR"]
[BlackTeam "RUS"]
[WhiteClock "0:01:18"]
[BlackClock "0:01:17"]

1. Nf3 d5 2. c4 c6 3. e3 Nf6 4. Nc3 a6 5. d4 Bf5 6. cxd5 cxd5 7. Qb3 Ra7 8. Ne5 e6 9. Bd3 Bxd3 10. Nxd3 Bd6 11. Qa4+ Nc6 12. Ne5 Bxe5 13. dxe5 Nd7 14. f4 O-O 15. O-O Nc5 16. Qc2 Ra8 17. a3 a5 18. Nxd5 Qxd5 19. Rd1 Qb3 20. Qe2 Rfd8 21. Bd2 Qxb2 22. Rab1 Qxa3 23. Ra1 Qd3 24. Qg4 Nb3 25. Bxa5 Rxa5 26. Rxd3 Rxa1+ 27. Kf2 Rxd3 28. h4 Rd2+ 29. Kf3 Raa2 30. h5 Rf2+ 31. Ke4 Nc5# 0-1

[Event "December 19 Early 2023"]
[Site "https://www.chess.com"]
[Date "2023.12.19"]
[Round "1"]
[White "Gontcharov, Vladislav"]
[Black "Kiselev, Pavel"]
[Result "1-0"]
[Board "135"]
[TimeControl "180+1"]
[WhiteFideId "4123492"]
[BlackFideId "4191102"]
[WhiteElo "2420"]
[BlackElo "2145"]
[WhiteTeam "RUS"]
[BlackTeam "RUS"]
[WhiteClock "0:00:25"]
[BlackClock "0:00:13"]

1. d4 Nf6 2. c4 e6 3. Nf3 d5 4. Nc3 Bb4 5. e3 c6 6. Bd3 dxc4 7. Bxc4 b5 8. Bd3 a6 9. a4 Bb7 10. O-O O-O 11. Qe2 Nbd7 12. e4 c5 13. e5 Bxf3 14. Qxf3 Bxc3 15. bxc3 Nd5 16. Qh3 g6 17. Bh6 Re8 18. axb5 axb5 19. Rxa8 Qxa8 20. Bxb5 Qc8 21. Qf3 cxd4 22. cxd4 Qb7 23. Bd3 Qb4 24. Be3 Nxe3 25. fxe3 Qe7 26. h4 Rf8 27. h5 Qg5 28. Qh3 Rd8 29. hxg6 hxg6 30. Be4 Nf8 31. Rf4 Rb8 32. Kh2 Rb2 33. Rf3 Rd2 34. Rg3 Qe7 35. Qh6 Rb2 36. Rh3 f5 37. exf6 Qh7 38. Qxh7+ Nxh7 39. f7+ Kxf7 40. Rxh7+ Kf6 41. Rh6 Re2 42. Rxg6+ Kf7 43. Rg3 Ke7 44. Rf3 Kd6 45. Kg3 e5 46. dxe5+ Kxe5 47. Bg6 Ke6 48. e4 Ke5 49. Bf5 Kf6 50. Rd3 Kg5 51. Kf3 Rb2 52. g4 Rb6 53. Re3 Rb4 54. e5 Rb6 55. e6 Rxe6 56. Rxe6 Kh4 57. Rg6 Kh3 58. Rh6# 1-0

[Event "December 19 Early 2023"]
[Site "https://www.chess.com"]
[Date "2023.12.19"]
[Round "1"]
[White "Mohammed, Zozek Salah Mohammed"]
[Black "Thorfinnsson, Bjorn"]
[Result "0-1"]
[Board "136"]
[TimeControl "180+1"]
[WhiteFideId "4803361"]
[BlackFideId "2300982"]
[WhiteElo "2211"]
[BlackElo "2394"]
[WhiteTeam "IRQ"]
[BlackTeam "ISL"]
[WhiteClock "0:00:03"]
[BlackClock "0:00:28"]

1. d4 d5 2. Nf3 e6 3. g3 Be7 4. Bg2 Nf6 5. O-O c5 6. c4 O-O 7. Nc3 b6 8. cxd5 exd5 9. Bf4 Bb7 10. Rc1 Nc6 11. dxc5 bxc5 12. Ne5 Nd4 13. e3 Ne6 14. Nd3 Qd7 15. b3 d4 16. Ne5 Qc8 17. exd4 Bxg2 18. Kxg2 cxd4 19. Ne2 Qb7+ 20. f3 Nd5 21. Bd2 Bb4 22. Rf2 Ne3+ 23. Bxe3 dxe3 24. Rf1 Bd2 25. Rc4 Rac8 26. Qc2 Rxc4 27. Nxc4 Rc8 28. Qe4 Qxe4 29. fxe4 Nc5 30. Kf3 Re8 31. e5 Nd3 32. Ke4 Nf2+ 33. Kd5 f6 34. e6 Nd3 35. Nd6 Re7 36. Nd4 Nb4+ 37. Kc4 Rc7+ 38. Kb5 Nd5 39. Rd1 Nc3+ 40. Ka6 Nxd1 0-1